Map: Abyssal Reef LE

Players

NUCLEAS

  • Race: Zerg Zerg
  • League: Silver
  • Spawn Location: 11:00

Juxtapose - Winner!

  • Race: Terran Terran
  • League: Silver
  • Spawn Location: 5:00

VOD

https://youtu.be/w1dI1tWLQUg

Description

Happy again to be matched against an opponent in my own League, this was a fun match on what's fast becoming my favourite map.

Time

  • Played on: July 29, 2017, 1:52 p.m.
  • Length: 8:34
Show
View Real Time Build Order
Export as new Build Order

NUCLEAS Zerg 

Build Orders: Pool First 

Get SALT Encoding   

  12  0:01  Drone  
  13  0:10  Drone  
  14  0:29  Spawning Pool  
  14  0:30  Drone  
  14  0:37  Extractor  
  14  0:38  Drone  
  14  0:52  Overlord  
  14  1:22  Hatchery  
  13  1:27  Queen  
  15  1:39  Drone x2  
  17  1:46  Zergling x2  
  18  1:53  Metabolic Boost  
  18  1:59  Drone  
  19  2:11  Queen  
  21  2:24  Drone  
  21  2:28  Overlord  
  22  2:34  Spore Crawler  
  21  2:40  Drone  
  22  2:50  Spore Crawler  
  21  2:53  Drone x2  
  21  2:54  Drone  
  24  3:05  Spine Crawler  
  22  3:15  Zergling x2  
  23  3:26  Spine Crawler, Drone  
  23  3:30  Drone  
  23  3:33  Drone  
  25  3:43  Evolution Chamber  
  24  3:50  Drone x2  
  26  4:00  Overlord  
  26  4:03  Drone x2  
  28  4:14  Zerg Melee Weapons Level 1  
  28  4:24  Roach Warren, Extractor  
  28  4:25  Drone  
  27  4:37  Zergling x8  
  31  4:49  Drone  
  31  4:50  Drone x3  
  35  5:08  Overlord  
  35  5:18  Overlord  
  35  5:26  Queen, Drone  
  35  5:27  Drone x3  
  41  5:39  Drone x3  
  41  5:42  Drone  
  45  5:43  Drone x2  
  45  5:46  Extractor, Drone  
  47  5:57  Drone x2  
  47  5:58  Drone x2  
  50  6:12  Zergling x4  
  50  6:14  Overlord x2  
  52  6:32  Zergling x4  
  52  6:54  Roach x4  
  52  6:55  Roach x5  
  52  6:57  Overlord x3  
  68  7:09  Overlord  
  68  7:21  Ravager x3  
  71  7:23  Ravager x5  
  71  7:25  Zergling x8  
  71  7:26  Zergling x12  
  58  8:02  Zergling x4  
  58  8:03  Zergling x8  
Show
View Real Time Build Order
Export as new Build Order

Juxtapose Terran - Winner!

Build Orders: MMM Bio 

Get SALT Encoding   

  12  0:01  SCV  
  13  0:13  SCV  
  14  0:22  Supply Depot  
  14  0:25  SCV  
  15  0:44  SCV  
  15  0:47  Barracks  
  16  0:51  Supply Depot  
  16  0:56  SCV  
  17  1:01  Refinery  
  17  1:08  SCV  
  18  1:20  SCV  
  19  1:31  Refinery  
  20  1:32  SCV  
  20  1:47  Orbital Command  
  20  1:50  Reaper  
  21  2:06  Barracks  
  20  2:29  Barracks Reactor  
  20  2:33  SCV  
  21  2:42  Supply Depot  
  21  2:46  SCV  
  21  2:48  Factory  
  22  2:57  Barracks Tech Lab  
  22  2:58  SCV  
  23  3:12  Supply Depot  
  23  3:19  Marine  
  23  3:20  Marine x2  
  23  3:23  Stimpack  
  26  3:28  SCV  
  27  3:38  Command Center, Factory Tech Lab  
  27  3:40  SCV  
  28  3:41  Marine x2  
  28  3:42  Marauder  
  32  3:50  Supply Depot  
  32  3:59  Starport  
  32  4:02  Marine x2  
  34  4:15  Marine  
  35  4:20  Marine x2  
  37  4:37  Marauder  
  37  4:38  Marine x2  
  39  4:39  SCV  
  42  4:46  Engineering Bay  
  42  4:48  Siege Tank  
  45  4:58  Marine x2, Marauder  
  48  5:12  Starport Tech Lab  
  48  5:14  Orbital Command  
  48  5:16  Marine  
  48  5:18  Marine  
  48  5:20  Siege Tank  
  53  5:26  Combat Shields  
  55  5:28  Marauder  
  55  5:33  Marine  
  55  5:34  Supply Depot  
  56  5:37  Medivac  
  56  5:40  Orbital Command  
  57  6:07  Medivac  
  58  6:14  Marine  
  58  6:15  Marine x2  
  61  6:25  Siege Tank  
  64  6:32  Marine x2  
  64  6:33  Armory  
  64  6:34  SCV  
  64  6:35  SCV  
  64  6:37  Medivac  
  70  6:46  SCV  
  70  6:47  SCV  
  72  6:57  Marine x3  
  75  7:04  Missile Turret  
  75  7:07  Medivac  
  77  7:14  Marine  
  78  7:25  Supply Depot  
  78  7:36  Marine  
  78  7:37  Marine  
  78  7:48  Supply Depot  
  67  8:01  Marine x3  
Tags
 
Composition
MMM Bio
Matchup
TvZ
Opening
Pool First
Spawn Locations
Cross Positions
Add a new tag
Caveats
  • Supply blocks, unpowered buildings, or Contaminate may cause inaccurate times.
  • Supply counts are checked every 10 seconds.